 Dungeon Crawl Stone Soup version 0.25-a0-699-g25a338df49 (webtiles) character file.

Game seed: 18383768618848267735, levelgen mode: deterministic

1017 Mehrunes the Skirmisher (level 8, -3/63 HPs)
             Began as a Mummy Ice Elementalist on Apr 1, 2020.
             Was a Follower of Sif Muna.
             Slain by a wraith (7 damage)
             ... in an ossuary.
             The game lasted 00:24:50 (8398 turns).

Mehrunes the Skirmisher (Mummy Ice Elementalist)    Turns: 8398, Time: 00:24:51

Health: -3/63      AC:  5    Str: 11    XL:     8   Next: 1%
Magic:  2/4        EV: 12    Int: 17    God:    Sif Muna [*.....]
Gold:   309        SH:  0    Dex: 12    Spells: 4/12 levels left

rFire    x . .     SeeInvis .   g - +5 whip of Severance {antimagic, *Contam rC++}
rCold    + + +     Gourm    .   (no shield)
rNeg     + + +     Faith    .   a - +0 robe
rPois    ∞         Spirit   .   (no helmet)
rElec    .         Reflect  .   n - +2 cloak
rCorr    +         Harm     +   (no gloves)
MR       +....                  (no boots)
Stlth    +++.......             p - amulet of harm
HPRegen  0.20/turn              u - ring of stealth
MPRegen  0.09/turn              v - ring of resist corrosion

@: slowed, very slow
A: no food or potions, fire vulnerability, cold resistance 1, negative energy
resistance 3, torment resistance, unbreathing
a: Channel Magic, Renounce Religion


You were in an ossuary.
You worshipped Sif Muna.
Sif Muna was aware of your devotion.
You were not hungry.

You visited 1 branch of the dungeon, and saw 7 of its levels.
You also visited: Ossuary.

You collected 309 gold pieces.

Inventory:

Hand Weapons
 e - a +0 hand axe
 g - the +5 whip of Severance (weapon) {antimagic, *Contam rC++}
   (You found it on level 5 of the Dungeon)

   It reduces the magical energy of the wielder, and disrupts the spells and
   magical abilities of those hit.
   Natural abilities and divine invocations are not affected.
   It greatly protects you from cold.
   It causes magical contamination when unequipped.
 j - a +1 short sword of freezing
Missiles
 f - 2 curare-tipped darts (quivered)
Armour
 a - a +0 robe (worn)
 h - a +0 ring mail
 n - a +2 cloak (worn)
 t - a +0 chain mail
Jewellery
 k - an uncursed amulet of the acrobat
 p - an amulet of harm (around neck)
 r - a -2 ring of strength
 u - a ring of stealth (left hand)
 v - a ring of resist corrosion (right hand)
Scrolls
 b - a scroll of fear {unknown}
 c - a scroll of teleportation
 d - a scroll of enchant weapon {unknown}
 i - a scroll of magic mapping
 l - 2 scrolls of fog {unknown}
 m - a scroll of immolation {unknown}
 o - 5 scrolls of identify
 q - 6 scrolls of remove curse
 s - a scroll of amnesia {unknown}


   Skills:
 + Level 5.4 Fighting
 - Level 2.0 Maces & Flails
 - Level 1.2 Armour
 - Level 2.2 Dodging
 - Level 1.5 Stealth
 - Level 2.6 Spellcasting
 - Level 3.0 Summonings
 - Level 5.1 Ice Magic


You had 4 spell levels left.
You knew the following spells:

 Your Spells              Type           Power        Failure   Level  Hunger
a - Freeze                Ice            ###.         2%          1    N/A
b - Frozen Ramparts       Ice            ###...       6%          3    N/A
c - Summon Ice Beast      Ice/Summ       ###.....     32%         4    N/A

Your spell library contained the following spells:

 Spells                   Type           Power        Failure   Level  Hunger
 Summon Small Mammal      Summ           ##..         5%          1    N/A
 Animate Skeleton         Necr           N/A          19%         1    N/A
 Apportation              Tloc           #.....       19%         1    N/A
 Corona                   Hex            #......      19%         1    N/A
 Ozocubu's Armour         Chrm/Ice       ##......     19%         3    N/A
 Hailstorm                Conj/Ice       ##......     52%         4    N/A

Dungeon Overview and Level Annotations

Branches:
Dungeon (7/15)             Temple (0/1) D:4         Ossuary (1/1)

Altars:
Ashenzari
Cheibriados
Elyvilon
Gozag
Hepliaklqana
Makhleb
Ru
Sif Muna

Annotations:
D:5 3 runed translucent doors, tamionv's ghost, novice GnCK


Innate Abilities, Weirdness & Mutations

You do not eat or drink.
Your flesh is vulnerable to fire.
You are immune to poison.
Your flesh is cold resistant. (rC+)
You are immune to negative energy. (rN+++)
You are immune to unholy pain and torment.
You can survive without breathing.


Message History

Your ice beast barely misses the wraith.
You completely miss the wraith.
The wraith is almost destroyed.
The wraith hits you!
* * * LOW HITPOINT WARNING * * *
The wraith drains your vigour!
You feel as though you will be slow longer.
Your ice beast hits the wraith but does no damage.
The wraith hits you!
* * * LOW HITPOINT WARNING * * *
You barely miss the wraith.
The wraith is almost destroyed.
Your ice beast barely misses the wraith.
The wraith closely misses you.
Your ice beast closely misses the wraith.
You hit the wraith but do no damage.
The wraith is almost destroyed.
Your ice beast disappears in a puff of smoke!
The wraith misses you. The wraith hits you.
You die...

...# #..# #..# ..#
###..# ..#
#..#.#..^ ....# ...
..^...... ...# ..#
#.......# #..# ..#
#...8.... #@.#
..#+#.......# #W§#
..#.#.............#
^.................#
#.....####..####^.#
...8...W!#...+ #..#
#.....####..####..#
..^...............#
..#.#.^...........#


You could see a wraith.

Vanquished Creatures
  2 ice beasts
  A sky beast (D:6)
  An ogre (D:5)
  2 scorpions
  4 killer bees (D:7)
  A jelly (D:6)
  2 hounds
  An orc wizard (D:5)
  3 worker ants
  A big kobold zombie (Ossuary)
  2 mummies (Ossuary)
  7 adders
  An ooze (D:1)
  A worm (D:2)
  2 dart slugs
  2 leopard geckos
  13 orcs
  A ball python (D:4)
  7 hobgoblins
  6 jackals
  2 kobolds (D:3)
  5 quokkas
  3 bats
  3 frilled lizards
  A gnoll zombie (Ossuary)
  7 goblins
  2 goblin zombies (Ossuary)
  2 hobgoblin zombies (Ossuary)
  5 kobold zombies (Ossuary)
  3 leopard gecko skeletons
  A leopard gecko zombie (D:5)
  4 rats
98 creatures vanquished.

Notes
Turn   | Place    | Note
-------+----------+-------------------------------------------
     0 | D:1      | Mehrunes the Mummy Ice Elementalist began the quest for the
                  | Orb.
     0 | D:1      | Reached XP level 1. HP: 13/13 MP: 4/4
   268 | D:1      | Reached skill level 1 in Fighting
   413 | D:1      | Reached XP level 2. HP: 21/21 MP: 1/5
  1386 | D:2      | Found a sacrificial altar of Ru,
  1392 | D:2      | Upgraded the game from 0.25-a0-697-g890751e744 to
                  | 0.25-a0-699-g25a338df49
  1404 | D:2      | Found a shimmering blue altar of Sif Muna,
  1410 | D:2      | Became a worshipper of Sif Muna the Loreminder
  1554 | D:2      | Reached XP level 3. HP: 22/27 MP: 1/7
  2830 | D:3      | Learned a level 3 spell: Frozen Ramparts
  3110 | D:3      | Found a snail-covered altar of Cheibriados,
  3113 | D:3      | Found a white marble altar of Elyvilon,
  3113 | D:3      | Found a shattered altar of Ashenzari,
  3222 | D:4      | Reached XP level 4. HP: 34/34 MP: 4/8
  3370 | D:4      | Reached * piety under Sif Muna
  3398 | D:4      | Found a burning altar of Makhleb,
  3570 | D:4      | Reached XP level 5. HP: 14/41 MP: 0/9
  3989 | D:4      | Found a staircase to the Ecumenical Temple,
  4366 | D:4      | Found a hazy altar of Hepliaklqana,
  4404 | D:5      | Entered Level 5 of the Dungeon
  4619 | D:5      | Got a crude whip
  4620 | D:5      | Identified the +5 whip of Severance {antimagic, *Contam
                  | rC++} (You found it on level 5 of the Dungeon)
  4858 | D:5      | Found a runed translucent gate,
  4859 | D:5      | Found a runed translucent gate,
  4860 | D:5      | Found a runed translucent gate,
  4862 | D:5      | Noticed tamionv's ghost (novice GnCK)
  4876 | D:5      | Noticed an ice beast
  4982 | D:4      | Killed an ice beast
  4982 | D:4      | Reached skill level 1 in Maces & Flails
  4982 | D:4      | Reached XP level 6. HP: 23/47 MP: 3/10
  5249 | D:5      | Reached skill level 1 in Armour
  5515 | D:5      | Learned a level 4 spell: Summon Ice Beast
  5732 | D:5      | Noticed an ice beast
  5755 | D:5      | Killed an ice beast
  5755 | D:5      | Reached skill level 1 in Summonings
  5755 | D:5      | Reached XP level 7. HP: 41/54 MP: 3/11
  6491 | D:6      | Reached skill level 5 in Ice Magic
  7298 | D:7      | Reached skill level 5 in Fighting
  7622 | D:7      | Found an opulent altar of Gozag,
  7667 | D:7      | Found a sand-covered staircase,
  7672 | Ossuary  | Entered an ossuary
  7672 | Ossuary  | Noticed a wraith
  7672 | Ossuary  | Noticed a wraith
  7672 | Ossuary  | Noticed a wraith
  7878 | Ossuary  | Reached ** piety under Sif Muna
  7925 | Ossuary  | Reached XP level 8. HP: 53/62 MP: 4/12
  8396 | Ossuary  | HP: 3/63 [wraith (13)]
  8398 | Ossuary  | Slain by a wraith

Levels and vault maps discovered:
D:1:      dpeg_arrival_round_b, layout_basic
D:2:      layout_loops_ring, led_sif_pool, lemuel_crystal_altar, first_ration,
          kennysheep_generic_room_3
D:3:      layout_basic, minitemple
D:4:      layout_basic, nicolae_overflow_hidden_temple, temple_doors_e,
          makhleb_blood_cavern_becter
D:5:      layout_basic, ebering_ghost_rock_garden
D:6:      layout_loops_ring
D:7:      layout_loops_ring, marbit_many_paths, enter_bailey_6,
          nicolae_ossuary_entry_plus,
          nicolae_gozag_cash_rules_everything_around_me
Ossuary:  ossuary_kennysheep_city_of_the_dead

Skill      XL: |  1  2  3  4  5  6  7 |
---------------+----------------------+-----
Fighting       | 1 2 3 4 5 |  5.4
Ice Magic      | 4 5 |  5.1
Maces & Flails | 1 2 |  2.0
Dodging        | 2 |  2.2
Armour         | 1 |  1.2
Summonings     | 1 3 |  3.0
Stealth        | |  1.5
Spellcasting   | |  2.6

Action                   |  1- 3 |  4- 6 |  7- 9 || total
-------------------------+-------+-------+-------++-------
Melee: Hand axe          |     8 |       |       ||     8
       Short sword       |     7 |    16 |    66 ||    89
       Whip              |       |    38 |    73 ||   111
 Cast: Freeze            |    59 |    19 |       ||    78
       Frozen Ramparts   |     2 |     9 |    11 ||    22
       Summon Ice Beast  |       |       |     1 ||     1
  Use: Scroll            |       |     6 |     1 ||     7
 Stab: Distracted        |       |       |     2 ||     2
       Sleeping          |       |       |     2 ||     2
Armor: Robe              |     4 |    14 |    22 ||    40
       Ring mail         |    12 |     3 |       ||    15
Dodge: Dodged            |    31 |    36 |    75 ||   142

Table legend:
 A = Non-vault XP
 B = Vault XP
 C = Vault XP percentage of total XP
 D = Non-vault monster count
 E = Vault monster count
 F = Vault count percentage of total count
                 A         B        C        D         E       F
            +---------+---------+-------+---------+---------+-------
      Total |    1336 |     117 |   8.1 |      83 |      15 |  15.3
            +---------+---------+-------+---------+---------+-------
        D:1 |      31 |       0 |   0.0 |      13 |       0 |   0.0
        D:2 |      48 |       1 |   2.0 |      18 |       1 |   5.3
        D:3 |       7 |       0 |   0.0 |       4 |       0 |   0.0
        D:4 |     272 |      40 |  12.8 |      12 |       1 |   7.7
        D:5 |     451 |       0 |   0.0 |      16 |       0 |   0.0
        D:6 |     270 |       0 |   0.0 |      15 |       0 |   0.0
        D:7 |     257 |       0 |   0.0 |       5 |       0 |   0.0
    Ossuary |       0 |      76 | 100.0 |       0 |      13 | 100.0
            +---------+---------+-------+---------+---------+-------
